 Dungeon Sprint DCSS version 0.18.1-47-g9310371 (webtiles) character file.

426 rftp080 the Basher (level 6, -1/44 HPs)
             Began as a Gargoyle Gladiator on June 20, 2016.
             Was a Follower of Makhleb.
             Killed by divine providence
             ... invoked by an orc priest
              (11 damage)
             ... in the Dungeon (Sprint IX: "|||||||||||||||||||||||||||||").
             The game lasted 00:01:35 (143 turns).

rftp080 the Basher (Gargoyle Gladiator)              Turns: 143, Time: 00:01:35

Health: -1/44      AC: 21    Str: 19    XL:     6   Next: 97%
Magic:  6/6        EV: 14    Int:  8    God:    Makhleb [*.....]
Gold:   0          SH:  0    Dex: 15    Spells: 0 memorised, 5 levels left

rFire  . . .     SeeInvis .     p - +2 dire flail (protect)
rCold  . . .     Gourm    .     t - +1 scale mail
rNeg   + . .     Faith    .     (shield currently unavailable)
rPois  ∞         Spirit   .     c - +0 helmet
rElec  +         Dismiss  .     (no cloak)
rCorr  .         Reflect  .     r - +0 pair of gloves
SustAt .         Harm     .     (no boots)
MR     .....     NoTele   +     (no amulet)
Stlth  ..........               v - +3 ring of dexterity
                                u - +2 ring of evasion

@: very slightly contaminated, invisible, not resistant to hostile enchantments,
extremely unstealthy
A: negative energy resistance 1, electricity resistance, unbreathing,
petrification resistance, rot immunity, AC +4
a: Renounce Religion


You were in the Dungeon.
You worshipped Makhleb.
Makhleb was aware of your devotion.
You were not hungry.

You visited 1 branch

Inventory:

Hand Weapons
 a - a +0 flail
 p - a +2 dire flail of protection (weapon)
 q - a +4 quarterstaff of speed
Missiles
 d - 3 throwing nets (quivered)
Armour
 b - a +0 leather armour
 c - a +0 helmet (worn)
 r - a +0 pair of gloves (worn)
 s - a +0 helmet
 t - a +1 scale mail (worn)
Magical Staves
 o - an uncursed staff of energy
Jewellery
 u - a +2 ring of evasion (left hand)
 v - a +3 ring of dexterity (right hand)
Wands
 n - a wand of iceblast (7/15)
Scrolls
 k - 2 scrolls of blinking
 l - 3 scrolls of remove curse
 m - 2 scrolls of amnesia
Potions
 g - 3 potions of heal wounds
 h - a potion of haste
 i - 4 potions of magic
 j - 4 potions of curing
Comestibles
 f - a bread ration


   Skills:
 + Level 7.1 Fighting
 * Level 9.3 Maces & Flails
 - Level 1.7 Throwing
 * Level 8.8 Armour
 + Level 4.9 Dodging


You had 5 spell levels left.
You didn't know any spells.

Dungeon Overview and Level Annotations

Branches:
Dungeon (1/1)

Altars:
Cheibriados
Dithmenos
Elyvilon
Fedhas
Gozag
Kikubaaqudgha
Makhleb
Nemelex Xobeh
Okawaru
Pakellas
Qazlal
Ru
Sif Muna
Trog
Vehumet
Xom
Yredelemnul
Zin
The Shining One
Beogh
Jiyva
Lugonu


Innate Abilities, Weirdness & Mutations

You are resistant to torment.
Your stone body is resilient (AC +4).
You are immune to poison.
You resist negative energy.
You are resistant to electric shocks.
You can survive without breathing.
You are immune to petrification.
You are immune to rotting.


Message History

You thump the ice beast!
The ice beast is moderately wounded.
The ice beast hits you but does no damage.
The orc priest mumbles some strange prayers to Beogh against you.
Beogh smites you!
You puncture the ice beast!
The ice beast is severely wounded.
The ice beast hits you. The ice beast freezes you!
* * * LOW HITPOINT WARNING * * *
You are too injured to fight recklessly!
You are too injured to fight recklessly!
You impale the ice beast!!
You kill the ice beast!
Makhleb accepts your kill.
Your Fighting skill increases to level 7!
Your Maces & Flails skill increases to level 9!
Unknown command.
The orc priest invokes the aid of Beogh against you.
Beogh smites you!
You die...

▓+▓
▓.▓
▓.▓
▓.▓
▓5▓
▓o▓
▓@▓
▓'▓
▓.▓
▓.▓
▓.▓
▓.▓
▓.▓
▓)▓
▓.▓


You could see an orc priest and a crimson imp.

Vanquished Creatures
  A wyvern (D)
  An ice beast (D)
  A sky beast (D)
  A killer bee (D)
  A worker ant (D)
  An adder (D)
  A dart slug (D)
  2 giant geckos (D)
  A bat skeleton (D)
  A giant cockroach (D)
  2 goblins (D)
  A quokka (D)
14 creatures vanquished.

Notes
Turn   | Place    | Note
--------------------------------------------------------------
     0 | D        | rftp080 the Gargoyle Gladiator began the quest for the Orb.
     0 | D        | Reached XP level 1. HP: 12/12 MP: 1/1
    20 | D        | Reached skill level 1 in Armour
    23 | D        | Reached skill level 4 in Maces & Flails
    24 | D        | Reached XP level 2. HP: 16/18 MP: 2/2
    39 | D        | Reached skill level 5 in Maces & Flails
    39 | D        | Reached XP level 3. HP: 24/24 MP: 3/3
    56 | D        | Found a glowing silver altar of Zin.
    56 | D        | Found a glowing golden altar of the Shining One.
    56 | D        | Found an ancient bone altar of Kikubaaqudgha.
    56 | D        | Found a basalt altar of Yredelemnul.
    56 | D        | Found a shimmering altar of Xom.
    56 | D        | Found a radiant altar of Vehumet.
    57 | D        | Found an iron altar of Okawaru.
    58 | D        | Found a burning altar of Makhleb.
    59 | D        | Found a deep blue altar of Sif Muna.
    60 | D        | Found a bloodstained altar of Trog.
    61 | D        | Found a sparkling altar of Nemelex Xobeh.
    62 | D        | Found a white marble altar of Elyvilon.
    63 | D        | Found a roughly hewn altar of Beogh.
    64 | D        | Found a viscous altar of Jiyva.
    65 | D        | Found a corrupted altar of Lugonu.
    66 | D        | Became a worshipper of Makhleb the Destroyer
    67 | D        | Found a blossoming altar of Fedhas.
    68 | D        | Found a snail-covered altar of Cheibriados.
    69 | D        | Found a shadowy altar of Dithmenos.
    70 | D        | Found a stormy altar of Qazlal.
    71 | D        | Found an opulent altar of Gozag.
    72 | D        | Found a sacrificial altar of Ru.
    73 | D        | Found an oddly glowing altar of Pakellas.
   120 | D        | Noticed an ice beast
   120 | D        | Noticed a sky beast
   120 | D        | Noticed a killer bee
   120 | D        | Noticed a wyvern
   126 | D        | Killed a wyvern
   126 | D        | Reached skill level 5 in Fighting
   126 | D        | Reached skill level 7 in Maces & Flails
   126 | D        | Reached XP level 4. HP: 32/32 MP: 4/4
   126 | D        | Reached XP level 5. HP: 36/36 MP: 5/5
   134 | D        | Reached * piety under Makhleb
   134 | D        | Reached skill level 8 in Maces & Flails
   134 | D        | Reached XP level 6. HP: 36/41 MP: 6/6
   137 | D        | Killed a sky beast
   142 | D        | Killed an ice beast
   142 | D        | Reached skill level 9 in Maces & Flails
   143 | D        | Killed from afar by an orc priest

Skill      XL: |  1  2  3  4  5  6 |
---------------+-------------------+-----
Armour         | 1 3 6 7 8 |  8.8
Maces & Flails | 4 5 7 8 9 |  9.3
Fighting       | 3 5 6 7 |  7.1
Dodging        | 3 4 |  4.9
Throwing       | |  1.7

Action                   |  1- 3 |  4- 6 || total
-------------------------+-------+-------++-------
Melee: Flail             |    37 |       ||    37
       Dire flail        |     5 |    15 ||    20
  Use: Potion            |     3 |       ||     3
 Stab: Invisible         |       |     4 ||     4
Armor: Leather armour    |    14 |       ||    14
       Scale mail        |     2 |     6 ||     8
Dodge: Dodged            |    25 |    11 ||    36
